 Dungeon Crawl Stone Soup version 0.31-a0-507-gbafd7f5274 (webtiles) character file.

Game seed: 1227545199235221579

305 pokeman the Magician (level 6, 0/34 HPs)
             Began as a Deep Elf Hedge Wizard on Aug 9, 2023.
             Slain by an orc
             ... wielding a +0 war axe
              (6 damage)
             ... on level 5 of the Dungeon.
             The game lasted 00:03:48 (2866 turns).

pokeman the Magician (Deep Elf Hedge Wizard)        Turns: 2866, Time: 00:03:49

Health: 0/34       AC:  5    Str:  7    XL:     6   Next: 15%
Magic:  9/17       EV: 13    Int: 21    God:
Gold:   130        SH:  0    Dex: 14    Spells: 10/18 levels left

rFire   . . .        o - +0 arbalest
rCold   . . .        (shield currently unavailable)
rNeg    . . .        b - +0 robe
rPois   .            c - +0 hat
rElec   .            n - +0 cloak
rCorr   .            l - +0 pair of gloves
SInv    .            i - +0 pair of boots
Will    .....        (no amulet)
Stlth   ++           (no ring)
HPRegen 0.25/turn    (no ring)
MPRegen 0.15/turn

%: no passive effects
@: no status effects
A: no striking features
a: no special abilities


You were on level 5 of the Dungeon.
You visited 1 branch of the dungeon, and saw 4 of its levels.

You collected 130 gold pieces.

Inventory:

Hand Weapons
 a - a +0 dagger
 o - a +0 arbalest (weapon)
Armour
 b - a +0 robe (worn)
 c - a +0 hat (worn)
 i - a +0 pair of boots (worn)
 l - a +0 pair of gloves (worn)
 n - a +0 cloak (worn)
Scrolls
 e - 5 scrolls of identify {unknown}
 f - 4 scrolls of teleportation {unknown}
 k - a scroll of torment {unknown}
 p - a scroll of blinking {unknown}
Potions
 d - 2 potions of magic
 g - a potion of cancellation {unknown}
 h - a potion of enlightenment {unknown}
 j - 2 potions of curing {unknown}
 m - a potion of mutation {unknown}


   Skills:
 + Level 1.2 Fighting
 - Level 1.0 Armour
 - Level 3.0 Dodging
 - Level 3.1 Stealth
 * Level 6.8 Spellcasting
 + Level 3.2 Conjurations
 - Level 1.1 Summonings
 - Level 1.1 Translocations
 - Level 1.0 Air Magic
 - Level 1.0 Poison Magic


You had 10 spell levels left.
You knew the following spells:

 Your Spells              Type           Power      Damage    Failure   Level
a - Magic Dart            Conj           80%        1d7       2%          1
b - Mephitic Cloud        Conj/Pois/Air  14%        N/A       13%         3
c - Call Imp              Summ           22%        N/A       9%          2
d - Blink                 Tloc           22%        N/A       9%          2

Your spell library contained the following spells:

 Spells                   Type           Power      Damage    Failure   Level
 Apportation              Tloc           22%        N/A       6%          1
 Slow                     Hex            28%        N/A       9%          1
 Cigotuvi's Dreadful Rot  Necr/Pois/Air  20%        N/A       11%         2
 Alistair's Intoxication  Tmut/Pois      6%         N/A       89%         5


Dungeon Overview and Level Annotations

Branches:
Dungeon (3/15)

Altars:
Fedhas

Shops:
D:1 *

Annotations:
D:3 Grinder


Message History

Fire: o) +0 arbalest
Press: ? - help, Q - select action, (/) - cycle Shift-Dir - straight line, f/p - orc
Aim: an orc, wielding a +0 war axe (50% to hit)
You shoot a bolt. The bolt closely misses the orc.
The orc wizard shouts!
The bolt hits the orc.
The orc is heavily wounded.
An orc priest comes into view. It is wielding a +0 hand axe.
The orc hits you but does no damage.
Fire: o) +0 arbalest
Press: ? - help, Q - select action, (/) - cycle Shift-Dir - straight line, f/p - orc
Aim: an orc, wielding a +0 war axe (50% to hit)
You shoot a bolt. The bolt closely misses the orc.
The bolt barely misses the orc.
The bolt completely misses the orc wizard.
The orc hits you with a +0 war axe.
The orc priest mumbles some strange prayers to Beogh against you.
Beogh smites you! The orc closely misses you.
Fire: o) +0 arbalest
Press: ? - help, Q - select action, (/) - cycle Shift-Dir - straight line, f/p - orc
Aim: an orc, wielding a +0 war axe (50% to hit)
You shoot a bolt. The bolt closely misses the orc.
The bolt hits the orc!
You kill the orc!
The orc hits you with a +0 war axe!
* * * LOW HITPOINT WARNING * * *
The orc closely misses you.
Casting: Mephitic Cloud (quite dangerous; 13% risk of failure)
Confirm with . or Enter, or press ? or * to list all spells.
Aiming: Mephitic Cloud (quite dangerous; 13% risk of failure)
Press: ? - help, Shift-Dir - straight line, f/p - orc
Aim: an orc, wielding a +0 war axe (chance to affect: 96%)
The ball explodes into a vile cloud!
The stinking cloud engulfs the orc but does no damage.
The stinking cloud engulfs the orc wizard but does no damage.
The stinking cloud engulfs you but does no damage.
You are engulfed in noxious fumes.
You hear an angry growl.
The orc is engulfed in noxious fumes.
The orc appears confused.
The orc hits you with a +0 war axe.
You die...

##.....#.....#..(....#. ...
#......'.....'.......#. ...
#.)....#.....#).##..##. ....
#......#.....##'##..### .....
#......#.....#.........
.....##+########....>#.........
...!.................#.........
............○☼.......#.+##.###.
..........o.oo@.........##+###.
............§.○....PPP.P.......
#....##'########...P.P.P.......
#... #... #.#.PP_PP#...... +..
#... #...PPPP........ #. #'###
....P .####### # .. .. ... ...
.).


You could see an orc priest, an orc wizard and an orc (confused).

Vanquished Creatures
  A centaur (D:5)
  A scorpion (D:5)
  2 hounds (D:5)
  An iguana (D:5)
  3 adders (D:2)
  3 dart slugs
  4 orcs
  A ball python (D:2)
  7 bats
  6 endoplasms
  3 giant cockroaches
  5 goblins
  2 hobgoblins
  2 jackals (D:2)
  A quokka (D:2)
  A frilled lizard (D:2)
  2 kobolds (D:1)
  6 rats
51 creatures vanquished.

Notes
Turn   | Place    | Note
-------+----------+-------------------------------------------
     0 | D:1      | pokeman the Deep Elf Hedge Wizard began the quest for the
                  | Orb.
     0 | D:1      | Reached XP level 1. HP: 10/10 MP: 7/7
   138 | D:1      | Found Vabawegh's General Store.
   422 | D:1      | Reached XP level 2. HP: 16/16 MP: 1/9
  1325 | D:2      | Reached skill level 5 in Spellcasting
  1463 | D:2      | Reached XP level 3. HP: 20/20 MP: 5/11
  1467 | D:2      | Learned a level 3 spell: Mephitic Cloud
  1470 | D:2      | Learned a level 2 spell: Call Imp
  1473 | D:2      | Learned a level 2 spell: Blink
  1509 | D:2      | Found a faded altar of an unknown god.
  1666 | D:2      | Reached skill level 1 in Fighting
  1976 | D:2      | Reached skill level 1 in Armour
  2194 | D:3      | Noticed Grinder
  2297 | D:3      | Reached XP level 4. HP: 25/25 MP: 8/13
  2567 | D:3      | You fall into a shaft and drop 2 floors!
  2567 | D:5      | Entered Level 5 of the Dungeon
  2639 | D:5      | Noticed a centaur
  2640 | D:5      | Found a blossoming altar of Fedhas.
  2745 | D:5      | Killed a centaur
  2746 | D:5      | Reached skill level 6 in Spellcasting
  2746 | D:5      | Reached XP level 5. HP: 29/29 MP: 10/15
  2826 | D:5      | Reached skill level 1 in Air Magic
  2826 | D:5      | Reached skill level 1 in Poison Magic
  2827 | D:5      | Reached XP level 6. HP: 34/34 MP: 5/17
  2866 | D:5      | Slain by an orc

Illustrated notes

Levels and vault maps discovered:
D:1:      dpeg_arrival_subterranean_lakeside_camping, layout_basic,
          serial_shops, nicolae_shop_tiny_waterfront, minmay_unequal
D:2:      layout_loops_ring, ebering_ecumenical_altar_box
D:3:      kennysheep_six_static_rooms, layout_basic,
          mainiacjoe_overflow_24_doors, serial_rivers,
          chequers_serial_rivers_micro_b, chequers_serial_rivers_micro_d,
          chequers_serial_rivers_micro_e, chequers_serial_rivers_micro_b,
          uniq_grinder
D:5:      layout_gridville, mainiacjoe_overflow_boulevard,
          nicolae_overflow_hidden_temple, fedhas_bush_and_centaur_altar,
          uniq_ijyb

Skill      XL: |  1  2  3  4  5 |
---------------+----------------+-----
Spellcasting   | 5 6 |  6.8
Fighting       | 1 |  1.2
Conjurations   | 2 3 |  3.2
Armour         | 1 |  1.0
Dodging        | 3 |  3.0
Stealth        | 3 |  3.1
Air Magic      | 1 |  1.0
Poison Magic   | 1 |  1.0
Summonings     | |  1.1
Translocations | |  1.1

Action                     |  1- 3 |  4- 6 || total
---------------------------+-------+-------++-------
  Melee: Dagger            |     4 |       ||     4
   Fire: Arbalest          |       |    18 ||    18
   Cast: Magic Dart        |    97 |    23 ||   120
         Mephitic Cloud    |       |     4 ||     4
 Armour: Robe              |     5 |     2 ||     7
  Dodge: Dodged            |     8 |    14 ||    22

Table legend: (Time is in decaauts)
 A = Elapsed time spent in this place.
 B = Non-inter-level travel time spent in this place.
 C = Inter-level travel time spent in this place.
 D = Time resting spent in this place.
 E = Time spent auto-exploring this place.
 F = Levels seen in this place.
 G = Mean time per level.
                   A        B        C        D        E       F      G
               +--------+--------+--------+--------+--------+-----+--------+
         Total |   2883 |   2841 |     42 |     92 |   2433 |   4 |  720.8 |
       Dungeon |   2883 |   2841 |     42 |     92 |   2433 |   4 |  720.8 |
               +--------+--------+--------+--------+--------+-----+--------+

Top non-repeatable levels by time:
     D:1: 1185 daAuts
     D:2: 997 daAuts
     D:3: 385 daAuts
     D:5: 314 daAuts
